Map: Hard Lead LE

Players

Dark - Winner!

  • Race: Zerg Zerg
  • Spawn Location: 11:00

MaxPax

  • Race: Protoss Protoss
  • League: Master
  • Spawn Location: 5:00

VOD

Have the link to the VOD?

Description

Time

  • Played on: Dec. 20, 2023, 8:45 a.m.
  • Length: 17:38
Show
View Real Time Build Order
Export as new Build Order

Dark Zerg - Winner!

Build Orders: Hatch First, Lurkers, Roach Hydra 

Get SALT Encoding   

  12  0:00  Drone  
  13  0:13  Overlord  
  13  0:17  Drone  
  14  0:31  Drone  
  14  0:32  Drone  
  16  0:51  Hatchery  
  16  0:52  Drone  
  16  0:56  Drone  
  17  0:59  Drone  
  18  1:10  Extractor  
  17  1:15  Spawning Pool  
  17  1:18  Drone  
  17  1:20  Drone  
  18  1:29  Drone  
  19  1:39  Drone  
  20  1:52  Drone  
  21  2:02  Queen  
  21  2:03  Queen  
  21  2:04  Zergling x2  
  21  2:05  Drone  
  27  2:10  Metabolic Boost  
  27  2:12  Overlord  
  27  2:17  Drone  
  28  2:30  Drone  
  28  2:31  Drone  
  28  2:33  Drone  
  28  2:36  Drone  
  32  2:42  Hatchery  
  31  2:47  Queen  
  33  2:52  Overlord  
  33  2:56  Drone x2  
  35  3:00  Drone  
  36  3:10  Queen  
  36  3:11  Drone  
  36  3:12  Drone x2  
  41  3:14  Drone  
  41  3:15  Drone  
  41  3:19  Overlord  
  43  3:21  Zergling x2  
  44  3:34  Overlord  
  44  3:36  Queen  
  44  3:37  Drone x3  
  49  3:42  Zergling x4  
  49  3:44  Drone  
  52  3:52  Overlord  
  52  3:53  Queen  
  52  3:55  Spore Crawler  
  53  3:56  Spore Crawler, Drone  
  53  3:58  Drone  
  53  4:00  Drone x2  
  56  4:04  Drone x2  
  56  4:08  Overlord  
  58  4:12  Zergling x2  
  58  4:13  Drone  
  58  4:16  Lair  
  60  4:25  Drone x6  
  60  4:30  Overlord  
  65  4:34  Roach Warren  
  65  4:35  Extractor  
  65  4:36  Extractor  
  65  4:37  Overlord  
  65  4:38  Drone  
  63  4:41  Overlord  
  63  4:42  Drone  
  64  4:50  Drone  
  64  4:52  Overlord  
  65  4:54  Overlord  
  65  4:57  Spore Crawler, Drone x3  
  67  5:00  Drone x2  
  67  5:01  Drone x3  
  67  5:05  Overlord  
  72  5:07  Overlord  
  72  5:09  Drone  
  72  5:10  Drone  
  72  5:11  Drone  
  76  5:14  Drone x2  
  76  5:20  Roach x2  
  81  5:23  Roach  
  81  5:26  Drone x4  
  87  5:29  Glial Reconstitution, Evolution Chamber  
  87  5:31  Extractor  
  87  5:33  Drone, Extractor  
  87  5:34  Drone  
  86  5:37  Drone, Extractor  
  86  5:39  Drone x3  
  89  5:43  Drone  
  90  5:51  Infestation Pit  
  90  5:52  Hatchery  
  88  6:02  Roach  
  88  6:03  Roach x5  
  98  6:05  Zerg Missile Weapons Level 1  
  98  6:08  Drone  
  99  6:12  Roach  
  99  6:13  Roach x6  
  99  6:17  Hydralisk Den, Drone  
  113  6:18  Overlord  
  113  6:24  Overlord  
  113  6:28  Overlord  
  113  6:37  Overlord  
  113  6:38  Zergling x2  
  113  6:39  Zergling x16  
  120  6:47  Zergling x6  
  120  6:53  Hive  
  123  6:55  Ravager x2, Lurker Den  
  123  6:58  Drone x7  
  127  7:09  Drone  
  127  7:10  Grooved Spines  
  127  7:11  Hydralisk  
  127  7:12  Hydralisk x5  
  127  7:14  Zergling x4  
  142  7:21  Extractor  
  142  7:22  Drone, Extractor  
  138  7:23  Zergling x6  
  135  7:34  Hydralisk x4  
  135  7:35  Hydralisk x4  
  147  7:37  Zergling x2  
  147  7:38  Zergling x4  
  147  7:41  Spore Crawler  
  147  7:43  Zergling x2  
  147  7:44  Zergling x4  
  152  7:50  Hydralisk  
  152  7:56  Hydralisk  
  152  7:57  Hydralisk  
  151  7:59  Overlord  
  151  8:01  Overlord, Muscular Augments  
  151  8:03  Overlord  
  151  8:08  Zerg Missile Weapons Level 2, Overlord  
  144  8:16  Zergling x16  
  144  8:17  Zergling x4  
  144  8:19  Seismic Spines  
  154  8:21  Lurker x3  
  154  8:23  Lurker  
  153  8:27  Zergling x12  
  153  8:33  Zergling x8  
  153  8:34  Zergling x2  
  164  8:38  Hydralisk x2  
  164  8:48  Viper x2  
  164  8:55  Drone x4  
  169  9:01  Hydralisk x3  
  174  9:06  Hatchery  
  174  9:08  Lurker x2  
  173  9:12  Overseer  
  173  9:16  Adaptive Talons  
  176  9:21  Zergling x10  
  177  9:33  Hydralisk x3  
  177  9:35  Overlord  
  177  9:36  Hatchery  
  182  9:39  Zergling x2, Lurker  
  182  9:40  Overlord x3  
  182  9:42  Pneumatized Carapace  
  182  9:44  Overseer  
  182  9:45  Nydus Network  
  183  9:49  Drone  
  183  9:51  Spore Crawler  
  183  9:53  Spore Crawler  
  183  9:58  Hydralisk x2  
  184  10:00  Lurker x2  
  184  10:02  Hydralisk x3  
  184  10:03  Hydralisk  
  184  10:06  Zergling x2  
  184  10:07  Zergling x4, Overseer  
  197  10:10  Lurker  
  197  10:14  Lurker x2  
  200  10:18  Zergling x2  
  200  10:29  Overlord  
  200  10:33  Overlord x2  
  199  10:37  Overlord  
  199  10:42  Hydralisk x3  
  194  10:46  Nydus Canal  
  192  10:57  Hydralisk x3  
  192  11:03  Hydralisk x3  
  198  11:04  Nydus Canal  
  198  11:06  Hydralisk x2  
  187  11:11  Hydralisk  
  187  11:12  Hydralisk x4  
  187  11:15  Zergling x8  
  187  11:17  Lurker x5  
  200  11:29  Nydus Canal  
  200  11:36  Hydralisk  
  200  11:42  Zerg Missile Weapons Level 3  
  200  11:46  Zergling x2  
  195  11:56  Nydus Canal  
  195  12:00  Lurker x5  
  196  12:07  Hydralisk x2  
  200  12:11  Zergling x2  
  200  12:12  Zergling x6, Nydus Canal  
  190  12:16  Hydralisk x4  
  190  12:21  Hydralisk x2  
  190  12:22  Hydralisk  
  167  12:26  Hydralisk x2  
  168  12:31  Zergling x2  
  168  12:32  Zergling x26  
  168  12:35  Nydus Canal  
  168  12:36  Overseer  
  168  12:37  Zergling x2  
  183  12:41  Drone x3  
  183  12:42  Extractor  
  183  12:43  Spore Crawler, Drone x2  
  183  12:44  Drone, Extractor  
  185  12:52  Nydus Canal, Hydralisk x2  
  185  12:57  Zergling x10  
  180  13:01  Overseer x4  
  180  13:08  Lurker x4  
  180  13:09  Zergling x2  
  180  13:10  Zergling x8  
  184  13:13  Zergling x4  
  184  13:17  Drone  
  184  13:18  Zergling x6  
  184  13:19  Lurker  
  191  13:20  Zergling x8  
  191  13:22  Zergling x8  
  191  13:26  Nydus Canal  
  195  13:34  Hydralisk x3  
  195  13:35  Hydralisk  
  195  13:40  Hydralisk x3  
  195  13:41  Hydralisk  
  197  13:45  Hydralisk x3  
  197  13:48  Hydralisk x2  
  195  13:53  Hydralisk x2  
  195  13:55  Hydralisk x2  
  164  13:58  Overseer x4  
  139  14:04  Hydralisk x4  
  139  14:07  Hydralisk x2  
  139  14:09  Lurker  
  147  14:13  Nydus Canal  
  147  14:19  Zerg Ground Armor Level 1  
  147  14:24  Viper x2  
  147  14:28  Hatchery  
  152  14:38  Spine Crawler, Drone x4  
  154  14:39  Spine Crawler x2, Lurker x4  
  157  14:49  Drone x5  
  157  14:50  Spore Crawler  
  161  14:59  Lurker x5  
  166  15:02  Drone x9  
  175  15:08  Spine Crawler  
  174  15:15  Adrenal Glands  
  174  15:16  Evolution Chamber  
  173  15:23  Nydus Canal  
  173  15:28  Extractor  
  172  15:29  Drone x2, Extractor  
  172  15:30  Drone  
  172  15:31  Hydralisk x5  
  184  15:46  Spore Crawler  
  184  15:47  Hydralisk x4  
  184  15:48  Hydralisk x3  
  197  15:50  Nydus Canal  
  197  15:55  Spine Crawler  
  196  16:03  Hydralisk  
  196  16:04  Hydralisk  
  196  16:09  Ultralisk Cavern  
  199  16:12  Nydus Canal  
  199  16:38  Spire  
  198  16:42  Spine Crawler  
  198  16:44  Spine Crawler  
  196  16:51  Nydus Canal  
  196  17:08  Hydralisk x2  
  187  17:18  Nydus Canal  
Show
View Real Time Build Order
Export as new Build Order

MaxPax Protoss 

Build Orders: 1 Gate Expand, Oracle Opening 

Get SALT Encoding   

  12  0:00  Probe  
  13  0:12  Probe  
  14  0:20  Pylon  
  14  0:24  Probe  
  15  0:38  Probe (Chrono Boost)  
  15  0:41  Gateway  
  16  0:47  Probe (Chrono Boost)  
  17  0:50  Assimilator  
  17  0:52  Probe (Chrono Boost)  
  18  1:04  Probe  
  19  1:16  Probe  
  20  1:25  Nexus  
  20  1:36  Cybernetics Core  
  20  1:39  Probe  
  21  1:45  Assimilator  
  21  1:51  Probe  
  22  1:54  Pylon  
  22  2:03  Probe (Chrono Boost)  
  23  2:12  Adept  
  26  2:15  Probe (Chrono Boost)  
  26  2:18  Stargate  
  26  2:23  Probe (Chrono Boost)  
  26  2:28  Warp Gate  
  27  2:30  Probe (Chrono Boost)  
  28  2:37  Probe (Chrono Boost)  
  28  2:42  Probe (Chrono Boost)  
  28  2:43  Adept  
  32  2:46  Probe (Chrono Boost)  
  32  2:48  Probe (Chrono Boost)  
  34  2:51  Probe (Chrono Boost)  
  34  2:56  Probe  
  36  3:05  Probe  
  41  3:06  Void Ray (Chrono Boost)  
  41  3:08  Probe  
  42  3:15  Pylon  
  42  3:17  Probe  
  43  3:20  Probe  
  43  3:22  Gateway  
  44  3:29  Probe  
  44  3:32  Probe  
  44  3:33  Oracle (Chrono Boost)  
  49  3:42  Probe  
  49  3:46  Probe  
  51  3:53  Nexus  
  51  3:54  Pylon  
  51  3:56  Probe  
  51  3:58  Probe  
  51  4:02  Assimilator  
  53  4:04  Assimilator  
  54  4:10  Probe  
  54  4:13  Oracle (Chrono Boost)  
  54  4:14  Probe  
  54  4:15  Pylon  
  58  4:22  Probe  
  59  4:26  Probe  
  59  4:31  Adept  
  62  4:32  Twilight Council  
  62  4:33  Forge  
  62  4:34  Probe  
  62  4:38  Probe  
  64  4:44  Shield Battery  
  64  4:46  Probe  
  64  4:50  Gateway, Probe  
  64  4:52  Gateway  
  66  4:57  Gateway  
  66  4:58  Probe  
  67  5:03  Probe (Chrono Boost)  
  67  5:05  Gateway  
  69  5:07  Probe (Chrono Boost)  
  69  5:08  Blink (Chrono Boost)  
  69  5:09  Protoss Ground Weapons Level 1 (Chrono Boost)  
  69  5:10  Probe (Chrono Boost)  
  70  5:18  Probe (Chrono Boost)  
  70  5:20  Stalker, Probe x2 (Chrono Boost)  
  75  5:22  Stalker  
  75  5:23  Probe (Chrono Boost)  
  75  5:28  Probe  
  79  5:30  Pylon  
  79  5:32  Robotics Facility  
  79  5:39  Shield Battery  
  81  5:47  Stalker x2  
  81  5:48  Shield Battery  
  81  5:49  Stalker x2  
  88  5:57  Probe x3  
  88  6:05  Stalker x2  
  92  6:12  Pylon  
  92  6:16  Nexus  
  92  6:17  Pylon  
  92  6:23  Forge, Observer  
  93  6:32  Stalker x4  
  101  6:35  Stalker x2  
  101  6:36  Photon Cannon  
  105  6:47  Probe  
  105  6:48  Probe  
  105  6:49  Probe  
  108  6:54  Pylon  
  108  6:56  Protoss Ground Armor Level 1 (Chrono Boost)  
  108  6:59  Gateway x2, Probe  
  109  7:01  Pylon  
  109  7:08  Probe  
  108  7:11  Shield Battery, Pylon  
  108  7:13  Photon Cannon  
  108  7:14  Stalker x4  
  116  7:20  Warp Prism (Chrono Boost)  
  116  7:21  Stalker x2  
  122  7:32  Protoss Ground Weapons Level 2 (Chrono Boost)  
  122  7:34  Probe  
  119  7:40  Stalker x4  
  119  7:42  Probe  
  119  7:43  Probe x2  
  130  7:46  Probe  
  130  7:47  Assimilator  
  130  7:48  Assimilator  
  131  7:55  Probe x3  
  134  7:58  Probe  
  134  8:00  Robotics Bay  
  134  8:05  Stalker x5  
  145  8:07  Probe x3  
  144  8:17  Probe  
  144  8:19  Pylon  
  144  8:21  Gateway  
  144  8:23  Gateway  
  144  8:25  Pylon  
  142  8:30  Probe  
  142  8:31  Stalker x2, Probe  
  142  8:34  Assimilator x2  
  148  8:36  Pylon  
  148  8:37  Probe  
  148  8:40  Probe  
  148  8:41  Stalker x4  
  150  8:42  Probe  
  154  8:51  Observer (Chrono Boost)  
  154  8:58  Probe  
  154  9:00  Protoss Ground Armor Level 2 (Chrono Boost)  
  154  9:01  Probe  
  156  9:05  Probe, Colossus (Chrono Boost)  
  156  9:06  Probe  
  162  9:10  Photon Cannon  
  162  9:11  Zealot x5, Photon Cannon  
  162  9:13  Photon Cannon  
  172  9:24  Pylon  
  172  9:28  Pylon  
  172  9:30  Nexus  
  168  9:38  Extended Thermal Lance (Chrono Boost)  
  168  9:39  Charge (Chrono Boost)  
  168  9:44  Zealot x3, Templar Archives  
  168  9:45  Zealot, Colossus (Chrono Boost)  
  176  9:51  Protoss Ground Weapons Level 3 (Chrono Boost)  
  176  9:52  Shield Battery, Photon Cannon x2  
  178  10:05  Photon Cannon x2  
  178  10:06  Shield Battery, Photon Cannon  
  178  10:07  Shield Battery  
  178  10:14  Zealot x5  
  188  10:22  Photon Cannon  
  188  10:23  Pylon  
  188  10:33  Pylon  
  188  10:38  Stargate, Colossus (Chrono Boost)  
  188  10:40  Fleet Beacon  
  194  10:46  Assimilator  
  194  10:47  Assimilator  
  194  10:59  Zealot x3  
  192  11:07  Zealot x6  
  174  11:21  High Templar x4  
  174  11:25  Archon  
  182  11:26  Archon  
  182  11:29  Pylon x2  
  179  11:39  Pylon  
  177  11:40  Pylon  
  177  11:47  Pylon  
  177  11:48  Pylon  
  177  11:51  Zealot x3, Observer (Chrono Boost)  
  177  11:52  Zealot x3  
  182  11:59  High Templar x4  
  190  12:04  Archon x2  
  190  12:14  Immortal (Chrono Boost)  
  152  12:15  Zealot x2  
  152  12:16  Zealot x4  
  140  12:34  Zealot x4  
  134  12:42  Mothership (Chrono Boost)  
  128  12:45  Immortal (Chrono Boost)  
  128  12:48  Zealot x6  
  142  13:02  Zealot x4  
  150  13:09  High Templar x3  
  150  13:10  Zealot, High Templar  
  150  13:11  Carrier (Chrono Boost)  
  157  13:17  Archon x2  
  157  13:18  Pylon  
  163  13:22  Pylon x2  
  163  13:31  Pylon x2  
  161  13:38  Zealot x4  
  149  13:53  Zealot x5  
  100  14:09  Cybernetics Core, Photon Cannon  
  100  14:10  Carrier (Chrono Boost)  
  100  14:14  Carrier (Chrono Boost)  
  106  14:20  High Templar x7  
  120  14:25  Archon x3  
  120  14:28  High Templar  
  122  14:36  Photon Cannon  
  122  14:40  Nexus  
  122  14:41  Assimilator  
  122  14:42  Pylon  
  122  14:43  Archon  
  122  14:51  Robotics Facility  
  122  14:53  Oracle, Zealot  
  122  14:54  Zealot  
  129  15:03  Zealot x2  
  133  15:21  High Templar x4  
  139  15:28  Archon x2  
  139  15:35  Protoss Air Weapons Level 1 (Chrono Boost)  
  143  15:53  Zealot x2  
  147  15:59  Zealot  
  147  16:02  Stalker  
  147  16:23  High Templar x2  
  141  16:36  Nexus  
  141  16:44  Pylon  
  141  16:54  Observer  
  142  16:55  Zealot x6  
  153  17:03  High Templar  
Tags
 
Add a new tag
Caveats
  • Supply blocks, unpowered buildings, or Contaminate may cause inaccurate times.
  • Supply counts are checked every 10 seconds.